 Dungeon Crawl Stone Soup version 0.28-a0-385-g79de503ca0 (webtiles) character file.

Game seed: 10910099286474166304

228 McIrco the Covered (level 6, -2/48 HPs)
             Began as a Human Fighter on Sept 3, 2021.
             Slain by an orc (4 damage)
             ... on level 3 of the Dungeon.
             The game lasted 00:04:29 (3864 turns).

McIrco the Covered (Human Fighter)                  Turns: 3864, Time: 00:04:30

Health: -2/48      AC:  7    Str: 18    XL:     6   Next: 22%
Magic:  6/6        EV:  9    Int:  8    God:
Gold:   24         SH:  5    Dex: 13    Spells: 5/5 levels left

rFire   . . .      SeeInvis .   a - +0 long sword
rCold   . . .      Faith    .   c - +0 buckler
rNeg    . . .      Spirit   .   b - +0 scale mail
rPois   .          Reflect  .   (no helmet)
rElec   .          Harm     .   (no cloak)
rCorr   .          Rampage  .   (no gloves)
Will    .....                   (no boots)
Stlth   ..........              (no amulet)
HPRegen 0.16/turn               (no ring)
MPRegen 0.10/turn               (no ring)

@: no status effects
A: no striking features
a: no special abilities


You were on level 3 of the Dungeon.
You visited 1 branch of the dungeon, and saw 3 of its levels.

You collected 24 gold pieces.

Inventory:

Hand Weapons
 a - a +0 long sword (weapon)
Armour
 b - a +0 scale mail (worn)
 c - a +0 buckler (worn)
Scrolls
 e - a scroll of enchant weapon {unknown}
 f - 4 scrolls of identify {unknown}
 g - a scroll of amnesia {unknown}
 i - a scroll of magic mapping {unknown}
 k - a scroll of fear {unknown}
Potions
 d - a potion of flight {unknown}
 h - a potion of attraction {unknown}
 j - a potion of might


   Skills:
 + Level 3.8 Fighting
 + Level 4.0 Long Blades
 + Level 4.1 Armour
 + Level 1.2 Dodging
 + Level 0.1 Stealth
 + Level 3.5 Shields


You had 5 spell levels left.
You didn't know any spells.
Your spell library was empty.

Dungeon Overview and Level Annotations

Branches:
Dungeon (3/15)

Altars:


Message History

The orc priest is moderately wounded.
The orc hits you with a +0 hand axe. The orc hits you but does no damage.
You hit the orc.
You kill the orc!
The orc hits you but does no damage. The orc priest barely misses you.
You hit the orc priest.
The orc priest is heavily wounded.
The orc priest calls down the wrath of Beogh upon you.
Pain shoots through your body! The orc closely misses you.
The orc hits you with a +0 flail.
Unknown command.
You hit the orc priest.
The orc priest is almost dead.
The orc priest looks encouraged for a moment.
The orc hits you but does no damage. The orc completely misses you.
You barely miss the orc priest.
The orc priest is almost dead.
The orc priest miscasts a cantrip.
The orc hits you but does no damage. The orc hits you with a +0 flail.
The orc priest mumbles some strange prayers to Beogh against you.
Beogh smites you!
* * * LOW HITPOINT WARNING * * *
Unknown command.
You hit the orc priest.
You kill the orc priest!
The orc barely misses you. You block the orc's attack.
The orc hits you but does no damage.
Unknown command.
You barely miss the orc. The orc closely misses you. x2
You block the orc's attack.
You hit the orc.
The orc is severely wounded.
The orc hits you with a +0 dagger.
* * * LOW HITPOINT WARNING * * *
You block the orc's attack.
You slash the orc!
You kill the orc!
The orc hits you with a +0 dagger.
You die...

...............
........)))....
.########...... ####
#...... #...#######
######.... #.........#
#.........
..#.........###.........
..............'.........
......$@)...###........#
......)o)...######.....#
.......................#
#....................###
###...............######
###.##..........))....
... #..........))....
.... #......÷...).....
... ............†....


You could see an orc.

Vanquished Creatures
  2 orc priests (D:3)
  An orc wizard (D:2)
  4 adders
  4 worms
  3 dart slugs (D:2)
  14 orcs (D:3)
  6 ball pythons
  3 endoplasms
  5 goblins (D:1)
  7 hobgoblins
  5 jackals
  3 quokkas
  5 bats
  2 frilled lizards (D:1)
  9 kobolds
  8 rats
81 creatures vanquished.

Vanquished Creatures (others)
  4 plants (D:1)
4 creatures vanquished.

Grand Total: 85 creatures vanquished

Notes
Turn   | Place    | Note
-------+----------+-------------------------------------------
     0 | D:1      | McIrco the Human Fighter began the quest for the Orb.
     0 | D:1      | Reached XP level 1. HP: 18/18 MP: 1/1
   202 | D:1      | Reached XP level 2. HP: 24/24 MP: 2/2
   573 | D:1      | Reached XP level 3. HP: 18/29 MP: 3/3
  1631 | D:2      | Reached XP level 4. HP: 25/35 MP: 4/4
  1860 | D:2      | Reached skill level 1 in Dodging
  2750 | D:2      | Reached XP level 5. HP: 16/41 MP: 5/5
  3571 | D:3      | Reached XP level 6. HP: 35/47 MP: 6/6
  3860 | D:3      | HP: 2/47 [orc priest/divine providence (14)]
  3864 | D:3      | Slain by an orc

Illustrated notes

Levels and vault maps discovered:
D:1:      tarquinn_simple_flora_water_b, layout_basic
D:2:      layout_basic
D:3:      layout_basic, biasface_ghost_orc_armoury, st_stairs_14,
          grunt_ministairs_12

Skill      XL: |  1  2  3  4  5  6 |
---------------+-------------------+-----
Dodging        | 1 |  1.2
Long Blades    | 3 4 |  4.0
Armour         | 4 |  4.1
Fighting       | |  3.8
Stealth        | |  0.1
Shields        | |  3.5

Action                   |  1- 3 |  4- 6 || total
-------------------------+-------+-------++-------
Melee: Long sword        |   106 |   164 ||   270
  Use: Potion            |       |     1 ||     1
Armor: Scale mail        |    35 |    90 ||   125
Dodge: Dodged            |    42 |    79 ||   121
Block: Buckler           |    16 |    39 ||    55

Table legend: (Time is in decaauts)
 A = Elapsed time spent in this place.
 B = Non-inter-level travel time spent in this place.
 C = Inter-level travel time spent in this place.
 D = Time resting spent in this place.
 E = Time spent auto-exploring this place.
 F = Levels seen in this place.
 G = Mean time per level.
                   A        B        C        D        E       F      G
               +--------+--------+--------+--------+--------+-----+--------+
         Total |   3938 |   3905 |     33 |    731 |   2523 |   3 | 1312.7 |
       Dungeon |   3938 |   3905 |     33 |    731 |   2523 |   3 | 1312.7 |
               +--------+--------+--------+--------+--------+-----+--------+

Top non-repeatable levels by time:
     D:2: 1516 daAuts
     D:1: 1398 daAuts
     D:3: 1023 daAuts
